AoeStats
← [Marty]TheEY

Black Forest

509573498Analyzed
4v4 RM · 6d ago on Sep 27, 2026· 16m 8s· 8 players
Game mode
Random Map
Map size
Large (8 player)
Population
200
Speed
Normal
Resources
Standard
Victory
Conquest
Starting age
Dark Age
Ending age
Imperial Age
RankedLock teamsTeams togetherTeam positionsShared explorationLock speedFull tech treeHidden civsTurbo modeCheats
Victory
Defeat
🇮🇹 Danes · Italy
1886
+5
1852
+6
🇨🇳 Persians · China
1822
+7
🇯🇵 Varangians · Japan
1641
+12
🇫🇷 Khmer · France
1658
-10
🇭🇰 Ethiopians · Hong Kong SAR China
1598
-8
🇨🇳 Persians · China
1579
-7
🇨🇳 Danes · China
1515
-5
十大地方
1:08 Loom
10:06 Feudal Age
11:07 Double-Bit Axe
16:45 Castle Age
15:00 Horse Collar
OS | dreamerion92
10:13 Feudal Age
10:23 Man-at-Arms
10:49 Arson
11:39 Double-Bit Axe
12:19 Loom
13:23 Horse Collar
经典不变的回忆 | memory
9:36 Feudal Age
10:47 Double-Bit Axe
13:37 Castle Age
12:27 Horse Collar
14:57 Bow Saw
Kiyomizu-dera
11:02 Feudal Age
12:25 Double-Bit Axe
12:23 Horse Collar
14:50 Castle Age
15:52 Bow Saw
Cipiettro_Vicci
1:14 Loom
12:02 Feudal Age
15:38 Castle Age
14:05 Double-Bit Axe
14:15 Horse Collar
啥牌子的
10:20 Feudal Age
14:18 Castle Age
13:11 Loom
15:22 Scale Barding Armor
[Marty]TheEY
6:06 Loom
10:31 Feudal Age
14:13 Castle Age
12:17 Double-Bit Axe
12:16 Horse Collar
15:50 Bow Saw
迷路将军
1:19 Loom
11:17 Feudal Age
12:40 Man-at-Arms
15:26 Double-Bit Axe
Connection lost

Rejoining the realm…

Still unreachable

The connection could not be restored.

Session expired

The server has moved on; the page needs a fresh start.